 Dungeon Crawl Stone Soup version 0.29-a0-1023-g6ae1a4a2c7 (webtiles) character file.

Game seed: 17881505076836516556

393118 sanka the Swashbuckler (level 23, 0/184 HPs)
             Began as a Gnoll Earth Elementalist on Aug 9, 2022.
             Was an Elder of Ashenzari.
             Slain by a Tzitzimitl (13 damage)
             ... called by a doom hound
             ... on level 3 of the Depths on Aug 11, 2022.
             The game lasted 03:16:39 (87110 turns).

sanka the Swashbuckler (Gnoll Earth Elementalist)  Turns: 87110, Time: 03:16:41

Health: 0/184      AC: 19    Str:  8    XL:     23   Next: 14%
Magic:  12/43      EV: 30    Int: 37    God:    Ashenzari [****..]
Gold:   1170       SH:  5    Dex: 13    Spells: 13/55 levels left

rFire   . . .      SeeInvis +     - Unarmed
rCold   . . .      Faith    .   (shield currently unavailable)
rNeg    . . .      Spirit   .   (body armour currently unavailable)
rPois   ∞          Reflect  +   (helmet currently unavailable)
rElec   +          Harm     .   (cloak currently unavailable)
rCorr   .          Rampage  .   (gloves currently unavailable)
Will    ++...      Clarity  +   (boots currently unavailable)
Stlth   ++++++....              N - amulet of reflection
HPRegen 0.40/turn               F - ring of Ashenzari's Affliction {Int+6, Elem, Melee} (curse)
MPRegen 0.28/turn               T - ring "Chained Sorrow" {Will+ Int+6, Melee, Elem} (curse)

@: mighty, about to teleport, storm-form, flying, slowed, studying 2 skills,
very slow
A: cleaving, insubstantial, flying, (fangs 1), strong nose, distributed training
}: 2/15 runes: decaying, gossamer
a: Blinkbolt, End Transformation, Renounce Religion, Curse Item, Shatter the
Chains


You were on level 3 of the Depths.
You worshipped Ashenzari.
Ashenzari was greatly pleased with you.
You were a lightning-filled tempest!
You visited 9 branches of the dungeon, and saw 42 of its levels.
You visited 1 bazaar.
You also visited: Bailey.

You collected 5085 gold pieces.
You spent 3915 gold pieces at shops.


Innate Abilities, Weirdness & Mutations

You are a lightning-filled tempest!
Your electrical attacks strike out in all directions at once.
You are incredibly evasive.
Your insubstantial body is immune to petrification, constriction, and being set on fire You are flying.
You are immune to poison.
Your armour is entirely melded.
You are incapable of wielding weapons or throwing items.
((You have very sharp teeth.))
Your uncanny sense of smell can sniff out nearby items.
Your experience applies equally to all skills.


   Skills:
 + Level 16.0 Fighting
 + Level 19.6(22.3) Short Blades
 + Level 16.0(18.8) Long Blades
 + Level 16.0(18.8) Axes
 + Level 16.0(18.8) Maces & Flails
 + Level 16.0(18.8) Polearms
 + Level 16.0(18.8) Staves
 + Level 16.0 Ranged Weapons
 + Level 16.0 Throwing
 + Level 16.0 Armour
 + Level 16.6 Dodging
 + Level 16.5 Stealth
 + Level 16.0 Shields
 + Level 16.0(18.8) Unarmed Combat
 + Level 16.7 Spellcasting
 + Level 13.6 Conjurations
 + Level 17.5 Hexes
 + Level 13.6 Summonings
 + Level 13.6 Necromancy
 + Level 13.6 Translocations
 + Level 13.8 Transmutations
 + Level 13.6(16.5) Fire Magic
 + Level 13.6(16.5) Ice Magic
 + Level 13.6(16.5) Air Magic
 + Level 14.6(17.4) Earth Magic
 + Level 13.6 Poison Magic
 + Level 17.3 Invocations
 + Level 16.0 Evocations


You had 13 spell levels left.
You knew the following spells:

 Your Spells              Type           Power      Damage    Failure   Level
c - Iron Shot             Conj/Erth      49%        9d9       1%          6
i - Ignition              Fire           50%        3d14      9%          8
u - Maxwell's Capacitive  Air            50%        ∞         9%          8
y - Storm Form            Tmut/Air       48%        N/A       1%          7
z - Sandblast             Erth           100%       2d20      0%          1
C - Irradiate             Conj/Tmut      46%        3d27      1%          5
N - Passwall              Tmut/Erth      81%        N/A       0%          2
X - Freezing Cloud        Conj/Ice/Air   49%        6-21      1%          5

Your spell library contained the following spells:

 Spells                   Type           Power      Damage    Failure   Level
 Apportation              Tloc           100%       N/A       0%          1
 Beastly Appendage        Tmut           100%       N/A       0%          1
 Foxfire                  Conj/Fire      100%       2x1d9     0%          1
 Necrotise                Necr           100%       1d9       0%          1
 Slow                     Hex            100%       N/A       0%          1
 Sting                    Tmut/Pois      100%       1d8       0%          1
 Summon Small Mammal      Summ           100%       N/A       0%          1
 Blink                    Tloc           100%       N/A       0%          2
 Poisonous Vapours        Pois/Air       100%       N/A       0%          2
 Sublimation of Blood     Necr           93%        N/A       0%          2
 Wereblood                Tmut           93%        N/A       0%          2
 Confusing Touch          Hex            100%       N/A       0%          3
 Conjure Flame            Conj/Fire      97%        6-21      0%          3
 Gell's Gravitas          Tloc           93%        N/A       0%          3
 Ignite Poison            Fire/Tmut/Pois 96%        N/A       0%          3
 Inner Flame              Hex/Fire       100%       N/A       0%          3
 Mephitic Cloud           Conj/Pois/Air  95%        N/A       0%          3
 Ozocubu's Armour         Ice            100%       N/A       0%          3
 Spider Form              Tmut/Pois      93%        N/A       0%          3
 Stone Arrow              Conj/Erth      100%       3d13      0%          3
 Teleport Other           Tloc           93%        N/A       0%          3
 Vampiric Draining        Necr           93%        2d12      0%          3
 Airstrike                Air            50%        2d(8-24)  0%          4
 Cause Fear               Hex            51%        N/A       0%          4
 Animate Armour           Summ/Erth      100%       N/A       1%          4
 Corpse Rot               Necr/Pois/Air  95%        N/A       1%          4
 Flame Wave               Conj/Fire      97%        2d20      1%          4
 Fulminant Prism          Conj/Hex       49%        3d21      1%          4
 Iskenderun's Mystic Bla  Conj/Tloc      93%        2d18      1%          4
 Olgreb's Toxic Radiance  Pois           93%        N/A       1%          4
 Petrify                  Tmut/Erth      98%        N/A       1%          4
 Sticky Flame             Conj/Fire      97%        2d11      1%          4
 Summon Ice Beast         Ice/Summ       97%        N/A       1%          4
 Summon Lightning Spire   Summ/Air       97%        N/A       1%          4
 Alistair's Intoxication  Tmut/Pois      62%        N/A       1%          5
 Borgnjor's Vile Clutch   Necr/Erth      49%        N/A       1%          5
 Fireball                 Conj/Fire      48%        3d19      1%          5
 Iskenderun's Battlesphe  Conj           93%        2d14      1%          5
 Lightning Bolt           Conj/Air       48%        1d69      1%          5
 Manifold Assault         Tloc           93%        N/A       1%          5
 Metabolic Englaciation   Hex/Ice        51%        N/A       1%          5
 Summon Forest            Summ/Tloc      46%        N/A       1%          5
 Summon Mana Viper        Hex/Summ       98%        N/A       1%          5
 Dispersal                Tloc           46%        N/A       1%          6
 Eringya's Noxious Bog    Tmut/Pois      46%        N/A       1%          6
 Simulacrum               Ice/Necr       48%        N/A       1%          6
 Starburst                Conj/Fire      48%        6d13      1%          6
 Statue Form              Tmut/Erth      65%        N/A       1%          6
 Summon Cactus Giant      Summ           46%        N/A       1%          6
 Ozocubu's Refrigeration  Ice            50%        4d18      1%          7
 Monstrous Menagerie      Summ           46%        N/A       3%          7
 Spellforged Servitor     Conj/Summ      46%        N/A       3%          7
 Summon Hydra             Summ           46%        N/A       3%          7
 Discord                  Hex            51%        N/A       5%          8
 Borgnjor's Revivificati  Necr           46%        N/A       26%         8
 Disjunction              Tloc           46%        N/A       26%         8
 Necromutation            Tmut/Necr      46%        N/A       26%         8
 Shatter                  Erth           51%        3d39*     63%         9
 Polar Vortex             Ice            50%        N/A       77%         9
 Chain Lightning          Conj/Air       48%        3d64      92%         9
 Fire Storm               Conj/Fire      48%        8d12      92%         9
 Dragon's Call            Summ           46%        N/A       99%         9

Inventory:

Hand Weapons
 b - a +3 broad axe of electrocution
 w - the +6 dagger of Gloom {flame, rPois rF+ Will+ rCorr}

   It burns those it strikes, dealing additional fire damage.
   rF:        It protects you from fire.
   rPois:     It protects you from poison.
   rCorr:     It protects you from acid and corrosion.
   Will:      It increases your willpower.
Missiles
 P - 7 curare-tipped darts {=f}
 Q - 2 throwing nets {=f}
Armour
 d - a scarf of resistance (melded)
 f - the cursed +2 hat "Restrained Prison" (melded) {Int+3, Elem, Self}

   It has a curse which improves the following skills: Elements: Fire Magic, Ice
   Magic, Air Magic and Earth Magic.
   Introspection: Fighting and Spellcasting.
 k - the cursed +2 pair of boots of the Pangnostic Seeker (melded) {Self, Elem}

   It has a curse which improves the following skills: Introspection: Fighting
   and Spellcasting.
   Elements:  Fire Magic, Ice Magic, Air Magic and Earth Magic.
 G - the cursed +3 buckler of the Wild Blue Yonder (melded) {rC+ Stlth+, Fort, Elem} rC: It protects you from cold. Stlth: It makes you more stealthy. It has a curse which improves the following skills: Fortitude: Armour and Shields. Elements: Fire Magic, Ice Magic, Air Magic and Earth Magic.
 K - the +3 robe of Bright Contentment (melded) {rElec rPois} rElec: It insulates you from electricity. rPois: It protects you from poison.
 R - the cursed +3 pair of gloves of Ashenzari's Polytheism (melded) {Dex+5, Elem, Cun}

   Dex:       It affects your dexterity (+5).
   It has a curse which improves the following skills: Elements: Fire Magic, Ice
   Magic, Air Magic and Earth Magic.
   Cunning:   Dodging and Stealth.
Magical Staves
 a - a staff of earth (melded)
Jewellery
 E - an amulet of regeneration
 F - the cursed ring of Ashenzari's Affliction (left fist) {Int+6, Elem, Melee}

   [ring of intelligence]

   Int:       It affects your intelligence (+6).
   It has a curse which improves the following skills: Elements: Fire Magic, Ice
   Magic, Air Magic and Earth Magic.
   Melee Combat: Short Blades, Long Blades, Axes, Maces & Flails, Polearms,
   Staves and Unarmed Combat.
 N - an amulet of reflection (around neck)
 T - the cursed ring "Chained Sorrow" (right fist) {Will+ Int+6, Melee, Elem}

   [ring of intelligence]

   Int:       It affects your intelligence (+6).
   Will:      It increases your willpower.
   It has a curse which improves the following skills: Melee Combat: Short
   Blades, Long Blades, Axes, Maces & Flails, Polearms, Staves and Unarmed
   Combat.
   Elements:  Fire Magic, Ice Magic, Air Magic and Earth Magic.
Wands
 m - a wand of polymorph (22)
 r - a wand of quicksilver (11)
 t - a wand of roots (44)
 A - a wand of flame (20)
 L - a wand of paralysis (16)
 V - a wand of mindburst (59)
 W - a wand of digging (11)
Scrolls
 g - 14 scrolls of fear
 i - 19 scrolls of teleportation {@r4}
 o - 3 scrolls of amnesia
 p - 7 scrolls of blinking
 u - 6 scrolls of enchant weapon
 z - 8 scrolls of magic mapping
 C - 5 scrolls of torment {!r}
 I - 7 scrolls of fog
 O - 5 scrolls of silence {!r}
 S - 8 scrolls of poison {!r}
 U - 3 scrolls of summoning
 Z - 3 scrolls of enchant armour
Potions
 c - 11 potions of haste {@q3}
 e - 3 potions of cancellation
 h - 4 potions of brilliance
 j - 14 potions of curing {@q1}
 l - 9 potions of might
 n - 4 potions of magic
 q - 11 potions of heal wounds {@q2}
 v - 7 potions of ambrosia
 x - 4 potions of invisibility
 B - 8 potions of lignification {!q}
 D - 4 potions of resistance
 H - 6 potions of attraction {!q}
 M - 3 potions of berserk rage {!q}
 X - 3 potions of flight
 Y - 8 potions of mutation {!q}
Miscellaneous
 s - a phantom mirror
 J - a tin of tremorstones (2/2)

Dungeon Overview and Level Annotations

Branches:
Dungeon (15/15)            Temple (1/1) D:4            Lair (5/5) D:8
  Swamp (4/4) Lair:3       Spider (4/4) Lair:2        Slime (0/5) Lair:5
    Orc (2/2) D:11            Elf (3/3) Orc:2        Vaults (5/5) D:14
  Crypt (0/3) Vaults:3     Depths (3/4) D:15         Bailey (visited)

Altars:
Ashenzari
Cheibriados
Dithmenos
Elyvilon
Fedhas
Gozag
Hepliaklqana
Kikubaaqudgha
Makhleb
Nemelex Xobeh
Okawaru
Qazlal
Ru
Sif Muna
Trog
Uskayaw
Vehumet
Wu Jian
Xom
Yredelemnul
Zin
The Shining One
Jiyva

Shops:
D:3 (   D:13 (([   D:15 *(   Orc:1 :   Orc:2 :(=:   Vaults:1 !   Vaults:3 !
Depths:1 *

Portals:
Hell: Depths:1 Depths:2
Abyss: Depths:3
Pandemonium: Depths:1 Depths:2
Ziggurat: Depths:1

Annotations:
Elf:1 2 transporters

░▒▒▒+ .▒▒....▒▒▒▒)▒.▒▒
▒...▒▒'▒.....▒....▒.▒.
▒▒............'....▒▒▒.
░..............▒......▒'
▒▒▒▒▒....†.....▒........
▒...▒▒..)†....▒▒.......^
▒....▒▒▒)▒....+.........
▒▒▒.....†▒....▒▒▒▒▒▒▒+▒.
▒▒...v2▒....▒, , ▒▒
▒▒▒.1.▒^...▒, , ,,
▒▒▒..+....▒ ,,░ ,,
▒..▒..▒▒▒, , ▒▒+▒..+ ∩,
░ ░ ,,,, ░,, , ░░ ░ , ,
░ ░ ░ ,,, ░ , ,,,


You could see a Tzitzimitl and a reaper.


Message History

The Tzitzimitl calls on the powers of darkness!
Your body is wracked with pain!
* * * LOW HITPOINT WARNING * * *
Unknown command.
Unknown command.
Unknown command.
As you read the scroll of teleportation {@r4}, it crumbles to dust.
You feel strangely unstable.
The infernal howling subsides.
You block the reaper's attack.
Unknown command.
The reaper completely misses you.
Unknown command.
Unknown command.
You feel very mighty all of a sudden. The reaper completely misses you.
The Tzitzimitl engulfs you.
* * * LOW HITPOINT WARNING * * *
The Tzitzimitl drains your vigour!
You feel yourself slow down.
The Tzitzimitl bites you but does no damage.
You blast the Tzitzimitl!!!
The Tzitzimitl is heavily wounded.
You blast the reaper!!!
Lightning courses through the reaper!!
The reaper hits you with a +2 scythe of venom!!
* * * LOW HITPOINT WARNING * * *
The Tzitzimitl completely misses you. The Tzitzimitl bites you!
You die...

Action                   |  1- 3 |  4- 6 |  7- 9 | 10-12 | 13-15 | 16-18 | 19-21 | 22-24 || total
-------------------------+-------+-------+-------+-------+-------+-------+-------+-------++-------
Melee: Unarmed           |     2 |       |       |       |       |    53 |   348 |   101 ||   504
       Dagger            |       |     1 |       |     1 |     3 |     1 |     5 |       ||    11
       Trident           |       |       |    10 |       |   221 |   236 |    34 |    17 ||   518
       Rapier            |       |       |    19 |       |       |       |       |       ||    19
       Bite              |       |       |     2 |     6 |    29 |    29 |     7 |     7 ||    80
       Punch             |       |       |     1 |     3 |     2 |     4 |    49 |    18 ||    77
       Staff             |       |       |     5 |    14 |    41 |     6 |     4 |       ||    70
       Dire flail        |       |       |       |    16 |    36 |       |       |       ||    52
       Morningstar       |       |       |       |    11 |       |       |       |       ||    11
 Cast: Sandblast         |    51 |    54 |    97 |    79 |     3 |       |       |       ||   284
       Stone Arrow       |       |     1 |    54 |   261 |   429 |     4 |       |       ||   749
       Freezing Cloud    |       |       |       |     8 |    81 |    88 |    50 |    14 ||   241
       Irradiate         |       |       |       |       |     6 |       |       |       ||     6
       Iron Shot         |       |       |       |       |    27 |   432 |   363 |   185 ||  1007
       Passwall          |       |       |       |       |       |     1 |       |       ||     1
       Storm Form        |       |       |       |       |       |     6 |    35 |     9 ||    50
Invok: Curse Item        |       |       |     3 |     1 |       |     2 |     4 |       ||    10
       Shatter the Chain |       |       |       |       |       |     1 |     3 |       ||     4
 Abil: Blinkbolt         |       |       |       |       |       |       |     6 |     2 ||     8
Evoke: Wand              |       |       |     3 |     3 |       |    13 |     5 |       ||    24
       Tin of tremorston |       |       |       |       |       |       |     1 |       ||     1
  Use: Scroll            |       |       |     1 |       |       |       |     6 |     1 ||     8
       Potion            |       |       |       |     1 |     2 |     1 |     3 |     3 ||    10
 Stab: Sleeping          |       |     1 |       |     1 |     3 |       |     3 |       ||     8
       Distracted        |       |       |       |     1 |       |     1 |     2 |       ||     4
Armor: Robe              |     7 |       |       |       |       |       |    21 |    14 ||    42
       Leather armour    |     3 |    17 |    35 |    63 |    85 |    74 |     9 |       ||   286
       Skin              |       |       |       |       |       |    10 |    75 |    23 ||   108
Dodge: Dodged            |    24 |    31 |    85 |   168 |   232 |   291 |   335 |   158 ||  1324
Block: Other             |       |       |       |    16 |       |     9 |    64 |    21 ||   110
       Buckler           |       |       |       |       |   154 |   297 |    97 |    39 ||   587
       Reflection        |       |       |       |       |    17 |     8 |    35 |     7 ||    67

Levels and vault maps discovered:
D:1:      shiori_arrival_maze, layout_rooms,
          hellmonk_ecumenical_altar_slurped_away, serial_park_tiny_2
D:2:      layout_rooms
D:3:      layout_loops_ring, tso_oasis_becter, elyvilon_altar_3,
          mainiacjoe_overflow_alcove_1, serial_shops, nicolae_shop_statue_plus,
          lemuel_flame_loot_1, uniq_robin
D:4:      layout_basic, mainiacjoe_overflow_cross_hatched,
          minmay_temple_entry_stoned_glass
D:5:      layout_basic, mainiacjoe_overflow_brackets,
          amcnicky_mini_corridor_feature
D:6:      layout_basic, overflow_temple_1_default
D:7:      layout_basic, tgw_trog, overflow_temple_1_default, enter_bailey_5,
          kennysheep_small_circle, uniq_crazy_yiuf_cottage
D:8:      layout_rooms, nicolae_ru_great_annihilating_truth, led_sif_pool,
          okawaru_gym_becter, due_lair_maze_entry_diamond
D:9:      lemuel_ice_statue, layout_basic, mainiacjoe_overflow_boulevard,
          mainiacjoe_overflow_concentric_impassable, gammafunk_ghost_spectres,
          grunt_livestock, uniq_maurice
D:10:     layout_layer_cave, hangedman_tell_no_tales
D:11:     layout_gridville, orc_0_dummy
D:12:     layout_rooms, uniq_fannar
D:13:     layout_grid_maze, serial_shops, shop, nicolae_shop_hallway_plus,
          kennysheep_little_box, grunt_ministairs_6, vehumet_crystals,
          uniq_erolcha
D:14:     layout_gridville, david_vaults_5, fedhas_altar_3,
          kennysheep_island_fort
D:15:     gammafunk_enter_depths_forms, layout_gridville, nrook_campfire,
          serial_shops, nicolae_diamond_shop, nicolae_shop_waterfront,
          uniq_roxanne
Temple:   dpeg_three_leaves_temple
Lair:1:   layout_cave_pods
Lair:2:   layout_cave_pods, nicolae_spider_entry_non_spiders
Lair:3:   layout_cave_pods, skrybe_swamp_entry_bodies, grunt_megastairs_4,
          serial_bayou_shore_a
Lair:4:   layout_small_grid, serial_bayou_shore_b
Lair:5:   gammafunk_lair_ancient_temple, layout_loops_ring,
          minmay_slime_entry_oklob_enclosed, basic_altar, lemuel_fruit_tree
Swamp:1:  layout_basic_swamp, evilmike_swamp_ruin_house_1, uniq_josephine
Swamp:2:  layout_basic_swamp, evilmike_swamp_ruin_rubble_1
Swamp:3:  layout_basic_swamp, nicolae_swamp_round_clearing,
          nicolae_swamp_treefoil, swamp_pool4, infiniplex_staircase_pool,
          uniq_mara
Swamp:4:  byrel_swamp_growth_death_and_undeath, layout_basic_swamp,
          nicolae_swamp_catching_bugs
Spider:1: layout_spider_delve, nicolae_crawler_farm, uniq_mlioglotl
Spider:2: layout_spider_delve, hellmonk_motheaten_closet, uniq_arachne,
          uniq_frances
Spider:3: nicolae_spider_mines_3, gammafunk_ghost_split
Spider:4: guppyfry_spider_rune, gammafunk_ghost_split
Orc:1:    layout_caves, hangedman_feature_mirror, nicolae_shop_vocational,
          uniq_harold
Orc:2:    pubby_orc_utopia, serial_shops
Elf:1:    gammafunk_the_bubble [the_bubble_gammafunk_plus_minus],
          layout_geoelf_grid, serial_shops, bzr_entry_lakeside,
          minmay_elf_necromancy, uniq_louise
Elf:2:    nicolae_elf_blades_crystal_corner, layout_loops_corners, drop_trap
Elf:3:    elf_hall, layout_loops_cross, basic_altar, minivault_27,
          dreamdust_princess_bridge, uniq_aizul
Vaults:1: v_rooms_2, dpeg_vaults_monster_row, v_misc_9, vaults_room_corners,
          hangedman_vaults_capsules, vaults_room_hangedman_quadrants,
          vaults_mumra_hex, nicolae_vaults_little_squares_6,
          nicolae_vaults_little_squares_1, layout_vaults_omnibox, serial_shops,
          nicolae_shop_waterfront
Vaults:2: v_misc_16, v_alt_pattern_2, ontoclasm_vaults_fault, vaults_room_boxed,
          nicolae_vaults_mini_display_case, ontoclasm_vaults_eye,
          v_alt_pattern_2, v_misc_16, vaults_room_corners,
          layout_vaults_omnigrid
Vaults:3: ontoclasm_vaults_idyll, hangedman_vaults_trim,
          minmay_crypt_entry_simple_sparse, special_room_vaults
          [special_room_orc], vaults_dpeg_cross,
          nicolae_vaults_little_squares_6, ontoclasm_vaults_ring_small,
          v_misc_2, vaults_room_fancy_cross, vaults_dpeg_spiral, v_misc_29,
          v_misc_30, ontoclasm_vaults_ligature, layout_vaults_maze,
          serial_shops, nicolae_square_shop, uniq_saint_roka, uniq_xtahua
Vaults:4: gammafunk_ghost_fury_of_okawaru, v_misc_29, vaults_mumra_hexcomb,
          hangedman_vaults_restitches, vaults_room_pool,
          hangedman_vaults_restitches, vaults_room_hallway, vaults_room_corners,
          layout_vaults_chaotic_city
Vaults:5
Depths:1: layout_basic, enter_ziggurat_e, minmay_splitting_lines,
          gammafunk_ghost_icy, pan_entry, pf_vacation_house_of_asmodeus,
          lemuel_statue_altar, minivault_16, nrook_mini_vaults,
          minmay_misc_feat_alley, nicolae_shop_sticking_my_neck_out
Depths:2: minmay_the_grid_triangle_9x9_recursive_3_mashed
          [minmay_the_grid_triangle_9x9_shrine,
          minmay_the_grid_triangle_9x9_corrupted_corridor,
          minmay_the_grid_triangle_9x9_windchime,
          minmay_the_grid_triangle_9x9_prize_center,
          minmay_the_grid_triangle_9x9_steps,
          minmay_the_grid_triangle_9x9_negative_grid,
          minmay_the_grid_triangle_9x9_warning,
          minmay_the_grid_triangle_9x9_swiss_cheese,
          minmay_the_grid_triangle_9x9_zippers_vertical], layout_honeycomb,
          hangedman_tar_grid_catacomb, rand_demon_pan_entry_8
Depths:3: thingy_vault_2, layout_honeycomb, abyss_entry,
          hangedman_abyss_or_decor_jellyfish_corner, hell_entry,
          nemelex_spade_bored_becter, uniq_frederick, uniq_grunn

Notes
Turn   | Place    | Note
-------+----------+-------------------------------------------
     0 | D:1      | sanka the Gnoll Earth Elementalist began the quest for the
                  | Orb.
     0 | D:1      | Reached XP level 1. HP: 13/13 MP: 6/6
   164 | D:1      | Reached skill level 2 in Transmutations
   172 | D:1      | Reached XP level 2. HP: 17/19 MP: 2/7
   556 | D:2      | Reached skill level 5 in Spellcasting
   556 | D:2      | Reached XP level 3. HP: 25/25 MP: 6/9
   634 | D:2      | Learned a level 2 spell: Passwall
   761 | D:2      | Reached skill level 1 in Invocations
  1061 | D:2      | Learned a level 3 spell: Stone Arrow
  1260 | D:1      | Found a faded altar of an unknown god.
  1413 | D:1      | Reached skill level 1 in Fighting
  1413 | D:1      | Reached skill level 1 in Short Blades
  1413 | D:1      | Reached skill level 1 in Long Blades
  1413 | D:1      | Reached skill level 1 in Axes
  1413 | D:1      | Reached skill level 1 in Maces & Flails
  1413 | D:1      | Reached skill level 1 in Polearms
  1413 | D:1      | Reached skill level 1 in Staves
  1413 | D:1      | Reached skill level 1 in Ranged Weapons
  1413 | D:1      | Reached skill level 1 in Throwing
  1413 | D:1      | Reached skill level 1 in Armour
  1413 | D:1      | Reached skill level 1 in Shields
  1413 | D:1      | Reached skill level 1 in Unarmed Combat
  1413 | D:1      | Reached skill level 1 in Evocations
  1801 | D:3      | Found Uxkeqi's Antique Weapon Emporium.
  1949 | D:3      | Found a white marble altar of Elyvilon.
  1965 | D:3      | Reached XP level 4. HP: 32/32 MP: 8/11
  2290 | D:3      | Found a sparkling altar of Nemelex Xobeh.
  2327 | D:3      | Noticed Robin
  2330 | D:3      | Killed Robin
  2347 | D:3      | Reached skill level 1 in Conjurations
  2347 | D:3      | Reached skill level 1 in Hexes
  2347 | D:3      | Reached skill level 1 in Summonings
  2347 | D:3      | Reached skill level 1 in Necromancy
  2347 | D:3      | Reached skill level 1 in Translocations
  2347 | D:3      | Reached skill level 1 in Fire Magic
  2347 | D:3      | Reached skill level 1 in Ice Magic
  2347 | D:3      | Reached skill level 1 in Air Magic
  2347 | D:3      | Reached skill level 1 in Poison Magic
  2495 | D:3      | Found a glowing golden altar of the Shining One.
  2780 | D:4      | Reached XP level 5. HP: 37/37 MP: 8/12
  2833 | D:4      | Found a hide-covered altar of Uskayaw.
  2975 | D:4      | Noticed an ogre
  2980 | D:4      | Killed an ogre
  2981 | D:4      | Reached skill level 5 in Dodging
  2981 | D:4      | Reached skill level 2 in Invocations
  2981 | D:4      | Reached XP level 6. HP: 44/44 MP: 9/14
  3051 | D:4      | Found a staircase to the Ecumenical Temple.
  3081 | Temple   | Entered the Ecumenical Temple
  3149 | Temple   | Became a worshipper of Ashenzari the Shackled
  3239 | D:4      | Reached skill level 2 in Fighting
  3239 | D:4      | Reached skill level 2 in Short Blades
  3239 | D:4      | Reached skill level 2 in Long Blades
  3239 | D:4      | Reached skill level 2 in Axes
  3239 | D:4      | Reached skill level 2 in Maces & Flails
  3239 | D:4      | Reached skill level 2 in Polearms
  3239 | D:4      | Reached skill level 2 in Staves
  3239 | D:4      | Reached skill level 2 in Ranged Weapons
  3239 | D:4      | Reached skill level 2 in Throwing
  3239 | D:4      | Reached skill level 2 in Armour
  3239 | D:4      | Reached skill level 2 in Shields
  3239 | D:4      | Reached skill level 2 in Unarmed Combat
  3239 | D:4      | Reached skill level 2 in Evocations
  3726 | D:5      | Entered Level 5 of the Dungeon
  3730 | D:5      | Reached XP level 7. HP: 46/50 MP: 13/15
  3868 | D:5      | Reached skill level 2 in Conjurations
  3868 | D:5      | Reached skill level 2 in Hexes
  3868 | D:5      | Reached skill level 2 in Summonings
  3868 | D:5      | Reached skill level 2 in Necromancy
  3868 | D:5      | Reached skill level 2 in Translocations
  3868 | D:5      | Reached skill level 3 in Transmutations
  3868 | D:5      | Reached skill level 2 in Fire Magic
  3868 | D:5      | Reached skill level 2 in Ice Magic
  3868 | D:5      | Reached skill level 2 in Air Magic
  3868 | D:5      | Reached skill level 2 in Poison Magic
  3877 | D:5      | Reached skill level 5 in Stealth
  3991 | D:5      | Reached skill level 3 in Invocations
  4097 | D:5      | Reached skill level 6 in Earth Magic
  4356 | D:5      | Reached skill level 3 in Fighting
  4356 | D:5      | Reached skill level 3 in Short Blades
  4356 | D:5      | Reached skill level 3 in Long Blades
  4356 | D:5      | Reached skill level 3 in Axes
  4356 | D:5      | Reached skill level 3 in Maces & Flails
  4356 | D:5      | Reached skill level 3 in Polearms
  4356 | D:5      | Reached skill level 3 in Staves
  4356 | D:5      | Reached skill level 3 in Ranged Weapons
  4356 | D:5      | Reached skill level 3 in Throwing
  4356 | D:5      | Reached skill level 3 in Armour
  4356 | D:5      | Reached skill level 3 in Shields
  4356 | D:5      | Reached skill level 3 in Unarmed Combat
  4356 | D:5      | Reached skill level 3 in Evocations
  4356 | D:5      | Reached XP level 8. HP: 58/58 MP: 13/16
  4380 | D:5      | Found a blossoming altar of Fedhas.
  4468 | D:5      | Reached skill level 6 in Spellcasting
  5182 | D:6      | Found an ornate altar of the Wu Jian Council.
  5601 | D:6      | Reached skill level 3 in Conjurations
  5601 | D:6      | Reached skill level 3 in Hexes
  5601 | D:6      | Reached skill level 3 in Summonings
  5601 | D:6      | Reached skill level 3 in Necromancy
  5601 | D:6      | Reached skill level 3 in Translocations
  5601 | D:6      | Reached skill level 3 in Fire Magic
  5601 | D:6      | Reached skill level 3 in Ice Magic
  5601 | D:6      | Reached skill level 3 in Air Magic
  5601 | D:6      | Reached skill level 3 in Poison Magic
  5601 | D:6      | Reached skill level 4 in Invocations
  6271 | D:7      | Found a flagged portal.
  6304 | D:7      | Reached * piety under Ashenzari
  6327 | Bailey   | Entered a bailey
  6397 | Bailey   | Reached skill level 6 in Dodging
  6709 | Bailey   | Reached skill level 4 in Fighting
  6709 | Bailey   | Reached skill level 4 in Short Blades
  6709 | Bailey   | Reached skill level 4 in Long Blades
  6709 | Bailey   | Reached skill level 4 in Axes
  6709 | Bailey   | Reached skill level 4 in Maces & Flails
  6709 | Bailey   | Reached skill level 4 in Polearms
  6709 | Bailey   | Reached skill level 4 in Staves
  6709 | Bailey   | Reached skill level 4 in Ranged Weapons
  6709 | Bailey   | Reached skill level 4 in Throwing
  6709 | Bailey   | Reached skill level 4 in Armour
  6709 | Bailey   | Reached skill level 4 in Shields
  6709 | Bailey   | Reached skill level 4 in Unarmed Combat
  6709 | Bailey   | Reached skill level 4 in Transmutations
  6709 | Bailey   | Reached skill level 4 in Evocations
  6709 | Bailey   | Reached XP level 9. HP: 36/67 MP: 2/20
  6871 | Bailey   | Identified a scroll of acquirement
  6877 | Bailey   | Acquired a staff of earth
  7031 | Bailey   | Noticed an orc high priest
  7042 | Bailey   | Identified the +1 helmet "Rapeytor" {Str+4 Stlth+}
  7069 | Bailey   | Reached skill level 6 in Stealth
  7336 | Bailey   | Found an iron altar of Okawaru.
  7349 | Bailey   | Noticed a kobold demonologist
  7355 | Bailey   | Noticed an orange demon
  7381 | Bailey   | Noticed a red devil
  7381 | Bailey   | Killed a kobold demonologist
  7382 | Bailey   | Reached skill level 5 in Invocations
  7571 | Bailey   | Killed an orc high priest
  7572 | Bailey   | Reached skill level 7 in Spellcasting
  7572 | Bailey   | Reached skill level 4 in Conjurations
  7572 | Bailey   | Reached skill level 4 in Hexes
  7572 | Bailey   | Reached skill level 4 in Summonings
  7572 | Bailey   | Reached skill level 4 in Necromancy
  7572 | Bailey   | Reached skill level 4 in Translocations
  7572 | Bailey   | Reached skill level 4 in Fire Magic
  7572 | Bailey   | Reached skill level 4 in Ice Magic
  7572 | Bailey   | Reached skill level 4 in Air Magic
  7572 | Bailey   | Reached skill level 4 in Poison Magic
  7746 | Bailey   | Reached ** piety under Ashenzari
  7906 | D:7      | Noticed a hornet
  7909 | D:7      | Killed a hornet
  7965 | D:7      | Reached skill level 5 in Fighting
  7965 | D:7      | Reached skill level 5 in Short Blades
  7965 | D:7      | Reached skill level 5 in Long Blades
  7965 | D:7      | Reached skill level 5 in Axes
  7965 | D:7      | Reached skill level 5 in Maces & Flails
  7965 | D:7      | Reached skill level 5 in Polearms
  7965 | D:7      | Reached skill level 5 in Staves
  7965 | D:7      | Reached skill level 5 in Ranged Weapons
  7965 | D:7      | Reached skill level 5 in Throwing
  7965 | D:7      | Reached skill level 5 in Armour
  7965 | D:7      | Reached skill level 5 in Shields
  7965 | D:7      | Reached skill level 5 in Unarmed Combat
  7965 | D:7      | Reached skill level 5 in Evocations
  7965 | D:7      | Reached XP level 10. HP: 76/76 MP: 12/22
  8038 | D:7      | Reached skill level 7 in Earth Magic
  8233 | D:7      | Identified the +7 hammer "Gank" {chaos, rC+ Will- Dex+4
                  | Stlth+}
  8239 | D:7      | Found a runed translucent door.
  8240 | D:7      | Noticed Crazy Yiuf
  8245 | D:7      | Killed Crazy Yiuf
  8417 | D:7      | Reached skill level 7 in Dodging
  8573 | D:7      | Noticed a moth of wrath
  8576 | D:7      | Found a bloodstained altar of Trog.
  8628 | D:7      | Found a shadowy altar of Dithmenos.
  9437 | D:8      | Reached skill level 5 in Transmutations
  9521 | D:8      | Reached skill level 6 in Invocations
  9525 | D:8      | Reached skill level 7 in Stealth
  9713 | D:8      | Identified the +2 leather armour of Weightlessness {Regen+}
  9715 | D:8      | Found a staircase to the Lair.
 10262 | D:8      | Found a sacrificial altar of Ru.
 10450 | D:8      | Found an iron altar of Okawaru.
 10505 | D:8      | Found a shimmering blue altar of Sif Muna.
 10596 | D:9      | Noticed Maurice
 10726 | D:9      | Killed Maurice
 10727 | D:9      | Reached skill level 6 in Fighting
 10727 | D:9      | Reached skill level 6 in Short Blades
 10727 | D:9      | Reached skill level 6 in Long Blades
 10727 | D:9      | Reached skill level 6 in Axes
 10727 | D:9      | Reached skill level 6 in Maces & Flails
 10727 | D:9      | Reached skill level 6 in Polearms
 10727 | D:9      | Reached skill level 6 in Staves
 10727 | D:9      | Reached skill level 6 in Ranged Weapons
 10727 | D:9      | Reached skill level 6 in Throwing
 10727 | D:9      | Reached skill level 6 in Armour
 10727 | D:9      | Reached skill level 6 in Shields
 10727 | D:9      | Reached skill level 6 in Unarmed Combat
 10727 | D:9      | Reached skill level 6 in Evocations
 10784 | D:9      | Found an ancient bone altar of Kikubaaqudgha.
 10808 | D:9      | Reached skill level 5 in Conjurations
 10808 | D:9      | Reached skill level 5 in Hexes
 10808 | D:9      | Reached skill level 5 in Summonings
 10808 | D:9      | Reached skill level 5 in Necromancy
 10808 | D:9      | Reached skill level 5 in Translocations
 10808 | D:9      | Reached skill level 5 in Fire Magic
 10808 | D:9      | Reached skill level 5 in Ice Magic
 10808 | D:9      | Reached skill level 5 in Air Magic
 10808 | D:9      | Reached skill level 5 in Poison Magic
 10813 | D:9      | Reached XP level 11. HP: 84/84 MP: 7/24
 10815 | D:9      | Found a snail-covered altar of Cheibriados.
 10841 | D:9      | Reached skill level 8 in Spellcasting
 11164 | D:9      | Found a runed translucent gate.
 11164 | D:9      | Found a runed translucent gate.
 11164 | D:9      | Found a runed translucent gate.
 11787 | D:9      | Noticed Peppero's ghost (novice GnCj)
 11862 | D:9      | Reached skill level 7 in Invocations
 12244 | D:9      | Reached skill level 8 in Dodging
 12256 | D:9      | Killed Peppero's ghost
 13752 | D:10     | Entered Level 10 of the Dungeon
 13888 | D:10     | Noticed a green ugly thing
 13939 | D:10     | Killed a green ugly thing
 13943 | D:9      | Reached skill level 6 in Transmutations
 14507 | D:10     | Reached skill level 8 in Stealth
 14689 | D:10     | Noticed a two-headed ogre
 14696 | D:10     | Killed a two-headed ogre
 14966 | D:10     | Learned a level 5 spell: Freezing Cloud
 15263 | D:10     | Reached skill level 8 in Earth Magic
 15763 | D:11     | Found a staircase to the Orcish Mines.
 16191 | D:11     | Reached skill level 7 in Fighting
 16191 | D:11     | Reached skill level 7 in Short Blades
 16191 | D:11     | Reached skill level 7 in Long Blades
 16191 | D:11     | Reached skill level 7 in Axes
 16191 | D:11     | Reached skill level 7 in Maces & Flails
 16191 | D:11     | Reached skill level 7 in Polearms
 16191 | D:11     | Reached skill level 7 in Staves
 16191 | D:11     | Reached skill level 7 in Ranged Weapons
 16191 | D:11     | Reached skill level 7 in Throwing
 16191 | D:11     | Reached skill level 7 in Armour
 16191 | D:11     | Reached skill level 7 in Shields
 16191 | D:11     | Reached skill level 7 in Unarmed Combat
 16191 | D:11     | Reached skill level 7 in Evocations
 16543 | D:11     | Noticed a manticore
 16546 | D:11     | Killed a manticore
 16547 | D:11     | Reached XP level 12. HP: 90/94 MP: 16/26
 16736 | Lair:1   | Entered Level 1 of the Lair of Beasts
 16867 | Lair:1   | Reached skill level 6 in Conjurations
 16867 | Lair:1   | Reached skill level 6 in Hexes
 16867 | Lair:1   | Reached skill level 6 in Summonings
 16867 | Lair:1   | Reached skill level 6 in Necromancy
 16867 | Lair:1   | Reached skill level 6 in Translocations
 16867 | Lair:1   | Reached skill level 6 in Fire Magic
 16867 | Lair:1   | Reached skill level 6 in Ice Magic
 16867 | Lair:1   | Reached skill level 6 in Air Magic
 16867 | Lair:1   | Reached skill level 6 in Poison Magic
 17251 | Lair:1   | Learned a level 5 spell: Irradiate
 17473 | Lair:1   | Reached skill level 8 in Invocations
 17570 | Lair:1   | Reached skill level 9 in Spellcasting
 18238 | Lair:2   | Found a hole to the Spider Nest.
 18397 | Lair:2   | Noticed a four-headed hydra
 18404 | Lair:2   | Killed a four-headed hydra
 19454 | Lair:2   | Reached skill level 9 in Dodging
 20006 | Lair:3   | Reached skill level 9 in Stealth
 20006 | Lair:3   | HP: 9/95 [elephant (2)]
 20012 | Lair:3   | Reached skill level 7 in Transmutations
 20020 | Lair:3   | Reached skill level 8 in Fighting
 20020 | Lair:3   | Reached skill level 8 in Short Blades
 20020 | Lair:3   | Reached skill level 8 in Long Blades
 20020 | Lair:3   | Reached skill level 8 in Axes
 20020 | Lair:3   | Reached skill level 8 in Maces & Flails
 20020 | Lair:3   | Reached skill level 8 in Polearms
 20020 | Lair:3   | Reached skill level 8 in Staves
 20020 | Lair:3   | Reached skill level 8 in Ranged Weapons
 20020 | Lair:3   | Reached skill level 8 in Throwing
 20020 | Lair:3   | Reached skill level 8 in Armour
 20020 | Lair:3   | Reached skill level 8 in Shields
 20020 | Lair:3   | Reached skill level 8 in Unarmed Combat
 20020 | Lair:3   | Reached skill level 8 in Evocations
 20511 | Lair:3   | Reached XP level 13. HP: 83/101 MP: 3/27
 20781 | Lair:3   | Reached skill level 9 in Invocations
 21360 | Lair:3   | Found a staircase to the Swamp.
 21365 | Lair:3   | Reached skill level 7 in Conjurations
 21365 | Lair:3   | Reached skill level 7 in Hexes
 21365 | Lair:3   | Reached skill level 7 in Summonings
 21365 | Lair:3   | Reached skill level 7 in Necromancy
 21365 | Lair:3   | Reached skill level 7 in Translocations
 21365 | Lair:3   | Reached skill level 7 in Fire Magic
 21365 | Lair:3   | Reached skill level 7 in Ice Magic
 21365 | Lair:3   | Reached skill level 7 in Air Magic
 21365 | Lair:3   | Reached skill level 9 in Earth Magic
 21365 | Lair:3   | Reached skill level 7 in Poison Magic
 22362 | Lair:4   | Reached skill level 10 in Spellcasting
 23397 | Lair:5   | Entered Level 5 of the Lair of Beasts
 23401 | Lair:5   | Noticed a dire elephant
 23413 | Lair:5   | Killed a dire elephant
 23549 | Lair:5   | Found a shimmering altar of Xom.
 23796 | Lair:5   | Reached skill level 10 in Dodging
 23987 | Lair:5   | Reached skill level 9 in Fighting
 23987 | Lair:5   | Reached skill level 9 in Short Blades
 23987 | Lair:5   | Reached skill level 9 in Long Blades
 23987 | Lair:5   | Reached skill level 9 in Axes
 23987 | Lair:5   | Reached skill level 9 in Maces & Flails
 23987 | Lair:5   | Reached skill level 9 in Polearms
 23987 | Lair:5   | Reached skill level 9 in Staves
 23987 | Lair:5   | Reached skill level 9 in Ranged Weapons
 23987 | Lair:5   | Reached skill level 9 in Throwing
 23987 | Lair:5   | Reached skill level 9 in Armour
 23987 | Lair:5   | Reached skill level 9 in Shields
 23987 | Lair:5   | Reached skill level 9 in Unarmed Combat
 23987 | Lair:5   | Reached skill level 9 in Evocations
 24186 | Lair:5   | Reached skill level 10 in Stealth
 24296 | Lair:5   | Reached skill level 8 in Hexes
 24488 | Lair:5   | Reached skill level 10 in Invocations
 24488 | Lair:5   | Reached XP level 14. HP: 108/111 MP: 10/29
 24610 | Lair:5   | Reached skill level 8 in Transmutations
 24872 | Lair:5   | Paralysed by a hornet for 1 turns
 25509 | Lair:5   | Identified the +11 trident of Eternal War {drain, rF+ rC+
                  | SInv}
 25509 | Lair:5   | Identified the +1 cloak "Bigiotyg" {rC+ Str+3}
 25852 | Lair:5   | Identified a potion of resistance
 26203 | Lair:5   | Found a viscous altar of Jiyva.
 26212 | Lair:5   | Found a staircase to the Slime Pits.
 26697 | Orc:1    | Entered Level 1 of the Orcish Mines
 26697 | Orc:1    | Noticed Harold
 26703 | Orc:1    | Killed Harold
 26992 | Orc:1    | Found Vowoh's Vocational Training.
 27192 | Orc:1    | Reached skill level 8 in Conjurations
 27192 | Orc:1    | Reached skill level 8 in Summonings
 27192 | Orc:1    | Reached skill level 8 in Necromancy
 27192 | Orc:1    | Reached skill level 8 in Translocations
 27192 | Orc:1    | Reached skill level 8 in Fire Magic
 27192 | Orc:1    | Reached skill level 8 in Ice Magic
 27192 | Orc:1    | Reached skill level 8 in Air Magic
 27192 | Orc:1    | Reached skill level 8 in Poison Magic
 27394 | Orc:2    | Entered Level 2 of the Orcish Mines
 27868 | Orc:2    | Found Penuck's Jewellery Boutique.
 28122 | Orc:2    | Noticed Saint Roka
 28136 | Orc:2    | Killed Saint Roka
 28137 | Orc:2    | Reached skill level 9 in Hexes
 28378 | Orc:2    | Reached skill level 11 in Spellcasting
 28778 | Orc:2    | Found a staircase to the Elven Halls.
 28814 | Orc:2    | Identified the Incunabulum of the Wasteland
 29083 | Orc:2    | Found Modexaes's Book Shoppe.
 29261 | Orc:2    | Reached skill level 10 in Earth Magic
 29842 | Orc:2    | Reached skill level 11 in Dodging
 29897 | Orc:2    | Reached skill level 10 in Fighting
 29897 | Orc:2    | Reached skill level 10 in Short Blades
 29897 | Orc:2    | Reached skill level 10 in Long Blades
 29897 | Orc:2    | Reached skill level 10 in Axes
 29897 | Orc:2    | Reached skill level 10 in Maces & Flails
 29897 | Orc:2    | Reached skill level 10 in Polearms
 29897 | Orc:2    | Reached skill level 10 in Staves
 29897 | Orc:2    | Reached skill level 10 in Ranged Weapons
 29897 | Orc:2    | Reached skill level 10 in Throwing
 29897 | Orc:2    | Reached skill level 10 in Armour
 29897 | Orc:2    | Reached skill level 10 in Shields
 29897 | Orc:2    | Reached skill level 10 in Unarmed Combat
 29897 | Orc:2    | Reached skill level 10 in Evocations
 30164 | Orc:2    | Noticed an orc warlord
 30173 | Orc:2    | Killed an orc warlord
 30422 | Orc:2    | Reached XP level 15. HP: 119/119 MP: 20/31
 30425 | Orc:2    | Reached skill level 11 in Invocations
 30552 | Orc:2    | Found Keutez's Book Emporium.
 30655 | Orc:2    | Found Liel's Weapon Shoppe.
 30662 | Orc:2    | Reached skill level 11 in Stealth
 30875 | Orc:2    | Bought the ring of Fedaro {Will+ Int+6} for 631 gold pieces
 30904 | Orc:2    | Bought a book of Power for 504 gold pieces
 30911 | Orc:2    | Learned a level 6 spell: Iron Shot
 31109 | D:12     | Noticed Fannar
 31122 | D:12     | Killed Fannar
 32089 | D:12     | Reached skill level 9 in Transmutations
 32420 | D:13     | Reached skill level 10 in Hexes
 32642 | D:13     | Found Wiruydwa's Weapon Boutique.
 32747 | D:13     | Found Hiraogoer's Armour Boutique.
 32883 | D:13     | Found Zogia's Weapon Boutique.
 32932 | D:13     | Found a radiant altar of Vehumet.
 33090 | D:13     | Noticed Erolcha
 33093 | D:13     | Paralysed by Erolcha for 3 turns
 33097 | D:13     | Killed Erolcha
 33448 | D:13     | Bought a +2 pair of gloves of dexterity for 301 gold pieces
 34071 | D:14     | Found a blossoming altar of Fedhas.
 34392 | D:14     | Noticed a sphinx
 34842 | D:14     | Found a gate to the Vaults.
 35109 | D:14     | Killed a sphinx
 35110 | D:14     | Reached skill level 9 in Conjurations
 35110 | D:14     | Reached skill level 9 in Summonings
 35110 | D:14     | Reached skill level 9 in Necromancy
 35110 | D:14     | Reached skill level 9 in Translocations
 35110 | D:14     | Reached skill level 9 in Fire Magic
 35110 | D:14     | Reached skill level 9 in Ice Magic
 35110 | D:14     | Reached skill level 9 in Air Magic
 35110 | D:14     | Reached skill level 9 in Poison Magic
 35457 | D:13     | Bought the +3 buckler "Serom" {rC+ Stlth+} for 508 gold
                  | pieces
 35513 | D:15     | Entered Level 15 of the Dungeon
 35525 | D:15     | Identified Roxanne's Atlas of Terrain
 35525 | D:15     | Noticed Roxanne
 36058 | D:15     | Found Curyd's Weapon Shop.
 36521 | D:15     | Reached skill level 12 in Spellcasting
 36521 | D:15     | Reached XP level 16. HP: 127/127 MP: 14/33
 36537 | D:15     | Reached skill level 11 in Short Blades
 36662 | D:15     | Found a staircase to the Depths.
 36671 | D:15     | Reached skill level 11 in Fighting
 36671 | D:15     | Reached skill level 11 in Long Blades
 36671 | D:15     | Reached skill level 11 in Axes
 36671 | D:15     | Reached skill level 11 in Maces & Flails
 36671 | D:15     | Reached skill level 11 in Polearms
 36671 | D:15     | Reached skill level 11 in Staves
 36671 | D:15     | Reached skill level 11 in Ranged Weapons
 36671 | D:15     | Reached skill level 11 in Throwing
 36671 | D:15     | Reached skill level 11 in Armour
 36671 | D:15     | Reached skill level 11 in Shields
 36671 | D:15     | Reached skill level 11 in Unarmed Combat
 36671 | D:15     | Reached skill level 11 in Evocations
 37061 | D:15     | Killed Roxanne
 37062 | D:15     | Reached skill level 12 in Invocations
 37352 | D:15     | Found Vurig's General Store.
 37359 | D:15     | Bought a potion of heal wounds for 55 gold pieces
 37385 | D:15     | Reached skill level 11 in Hexes
 37471 | D:15     | Upgraded the game from 0.29-a0-1016-g236c7fd91e to
                  | 0.29-a0-1019-g84f7d21838
 37618 | Spider:1 | Entered Level 1 of the Spider Nest
 37779 | Spider:1 | Reached skill level 12 in Dodging
 37977 | Spider:1 | Noticed Mlioglotl
 37995 | Spider:1 | Killed Mlioglotl
 38861 | Spider:1 | Reached skill level 12 in Stealth
 39363 | Spider:1 | Reached skill level 11 in Earth Magic
 39772 | Spider:2 | Identified the +3 pair of gloves of Vanity {Dex+5}
 40009 | Spider:2 | Noticed Arachne
 40270 | Spider:2 | Killed Arachne
 40841 | Spider:2 | Noticed Frances
 40862 | Spider:2 | Killed Frances
 40863 | Spider:2 | Reached skill level 12 in Short Blades
 41333 | Spider:2 | Reached skill level 10 in Transmutations
 41432 | Spider:2 | Reached *** piety under Ashenzari
 42703 | Spider:3 | Reached XP level 17. HP: 107/137 MP: 3/35
 43145 | Spider:3 | Reached skill level 12 in Hexes
 43497 | Spider:3 | Reached skill level 10 in Conjurations
 43497 | Spider:3 | Reached skill level 10 in Summonings
 43497 | Spider:3 | Reached skill level 10 in Necromancy
 43497 | Spider:3 | Reached skill level 10 in Translocations
 43497 | Spider:3 | Reached skill level 10 in Fire Magic
 43497 | Spider:3 | Reached skill level 10 in Ice Magic
 43497 | Spider:3 | Reached skill level 10 in Air Magic
 43497 | Spider:3 | Reached skill level 10 in Poison Magic
 43631 | Spider:3 | Found a runed translucent gate.
 43632 | Spider:3 | Found a runed translucent gate.
 43632 | Spider:3 | Found a runed translucent gate.
 43632 | Spider:3 | Noticed Luisad's ghost (adept DDBe)
 43647 | Spider:3 | Identified the ring "Woryhon" {rPois rF+ rCorr Str+4}
 43695 | Spider:3 | Identified the +1 leather armour of the Bagpipe {Regen+
                  | rCorr Str+3 Slay+4}
 44205 | Spider:4 | Entered Level 4 of the Spider Nest
 44839 | Spider:4 | Reached skill level 13 in Invocations
 44849 | Spider:4 | Reached skill level 12 in Fighting
 44849 | Spider:4 | Reached skill level 12 in Long Blades
 44849 | Spider:4 | Reached skill level 12 in Axes
 44849 | Spider:4 | Reached skill level 12 in Maces & Flails
 44849 | Spider:4 | Reached skill level 12 in Polearms
 44849 | Spider:4 | Reached skill level 12 in Staves
 44849 | Spider:4 | Reached skill level 12 in Ranged Weapons
 44849 | Spider:4 | Reached skill level 12 in Throwing
 44849 | Spider:4 | Reached skill level 12 in Armour
 44849 | Spider:4 | Reached skill level 12 in Shields
 44849 | Spider:4 | Reached skill level 12 in Unarmed Combat
 44849 | Spider:4 | Reached skill level 12 in Evocations
 45065 | Spider:4 | Reached skill level 13 in Short Blades
 45242 | Spider:4 | Reached skill level 13 in Spellcasting
 46469 | Spider:4 | Got a gossamer rune of Zot
 46496 | Spider:4 | Reached skill level 13 in Dodging
 47194 | Spider:4 | Found a runed translucent gate.
 47194 | Spider:4 | Noticed Grwwl's ghost (journeyman FeSu)
 47323 | Spider:4 | Found a runed translucent gate.
 47323 | Spider:4 | Found a runed translucent gate.
 47389 | Spider:4 | Upgraded the game from 0.29-a0-1019-g84f7d21838 to
                  | 0.29-a0-1023-g6ae1a4a2c7
 47540 | Swamp:1  | Entered Level 1 of the Swamp
 47879 | Swamp:1  | Reached skill level 13 in Stealth
 48122 | Swamp:1  | Noticed Josephine
 48129 | Swamp:1  | Killed Josephine
 49181 | Swamp:1  | Reached **** piety under Ashenzari
 49192 | Swamp:1  | Learned a level 7 spell: Storm Form
 49379 | Swamp:1  | Identified the cursed +0 helmet "Mistrust of Ashenzari"
                  | {Melee, Cun} (You took it off Robin on level 3 of the
                  | Dungeon)
 49379 | Swamp:1  | Identified the cursed +0 pair of boots of the Tethered
                  | Burden {Alch, Melee} (You found it in a bailey)
 49379 | Swamp:1  | Identified the cursed +3 leather armour "Eternal Together"
                  | {Elem, Self} (You found it on level 2 of the Dungeon)
 49667 | Swamp:2  | Reached XP level 18. HP: 146/146 MP: 29/36
 49672 | Swamp:2  | Reached skill level 13 in Hexes
 50181 | Swamp:2  | Reached skill level 14 in Short Blades
 50806 | Swamp:3  | Reached skill level 12 in Earth Magic
 50806 | Swamp:3  | Identified the ring "Nuamp" {*Slow Fly Str+4 Dex+7}
 51232 | Swamp:3  | Reached skill level 11 in Transmutations
 52391 | Swamp:3  | Noticed Mara
 52414 | Swamp:3  | Killed Mara
 52610 | Swamp:4  | Entered Level 4 of the Swamp
 52610 | Swamp:4  | Identified the +3 chain mail "Sirawa" {Will+}
 53107 | Swamp:4  | Reached skill level 14 in Invocations
 53564 | Swamp:4  | Reached skill level 11 in Conjurations
 53564 | Swamp:4  | Reached skill level 11 in Summonings
 53564 | Swamp:4  | Reached skill level 11 in Necromancy
 53564 | Swamp:4  | Reached skill level 11 in Translocations
 53564 | Swamp:4  | Reached skill level 11 in Fire Magic
 53564 | Swamp:4  | Reached skill level 11 in Ice Magic
 53564 | Swamp:4  | Reached skill level 11 in Air Magic
 53564 | Swamp:4  | Reached skill level 11 in Poison Magic
 53773 | Swamp:4  | Identified +0 swamp dragon scales
 53972 | Swamp:4  | Identified +0 swamp dragon scales
 54096 | Swamp:4  | Reached skill level 13 in Fighting
 54096 | Swamp:4  | Reached skill level 13 in Long Blades
 54096 | Swamp:4  | Reached skill level 13 in Axes
 54096 | Swamp:4  | Reached skill level 13 in Maces & Flails
 54096 | Swamp:4  | Reached skill level 13 in Polearms
 54096 | Swamp:4  | Reached skill level 13 in Staves
 54096 | Swamp:4  | Reached skill level 13 in Ranged Weapons
 54096 | Swamp:4  | Reached skill level 13 in Throwing
 54096 | Swamp:4  | Reached skill level 13 in Armour
 54096 | Swamp:4  | Reached skill level 13 in Shields
 54096 | Swamp:4  | Reached skill level 13 in Unarmed Combat
 54096 | Swamp:4  | Reached skill level 13 in Evocations
 55279 | Swamp:4  | Identified +0 swamp dragon scales
 55287 | Swamp:4  | Reached skill level 14 in Spellcasting
 55481 | Swamp:4  | Identified +0 swamp dragon scales
 55517 | Swamp:4  | Reached skill level 15 in Short Blades
 56353 | Swamp:4  | Reached XP level 19. HP: 137/153 MP: 27/38
 56436 | Swamp:4  | Reached skill level 14 in Hexes
 56445 | Swamp:4  | Reached skill level 14 in Dodging
 56553 | Swamp:4  | Found a blossoming altar of Fedhas.
 56762 | Swamp:4  | Found a basalt altar of Yredelemnul.
 56774 | Swamp:4  | Got a decaying rune of Zot
 57151 | Vaults:1 | Entered Level 1 of the Vaults
 57851 | Vaults:1 | Reached skill level 14 in Stealth
 58829 | Vaults:1 | Found Zaxte's Distillery.
 58838 | Vaults:1 | Bought 2 potions of heal wounds for 160 gold pieces
 58838 | Vaults:1 | Bought a potion of haste for 160 gold pieces
 58838 | Vaults:1 | Bought a potion of might for 64 gold pieces
 58838 | Vaults:1 | Bought a potion of curing for 48 gold pieces
 58838 | Vaults:1 | Bought a potion of curing for 48 gold pieces
 58838 | Vaults:1 | Bought a potion of curing for 48 gold pieces
 58864 | Vaults:1 | Identified the Folio of Maledictive Changing
 60373 | Vaults:2 | Reached skill level 16 in Short Blades
 61061 | Vaults:2 | Reached skill level 15 in Invocations
 61406 | Vaults:2 | Learned a level 8 spell: Maxwell's Capacitive Coupling
 61689 | Vaults:2 | Reached skill level 12 in Transmutations
 62175 | Vaults:2 | Reached XP level 20. HP: 149/158 MP: 17/38
 62181 | Vaults:2 | Reached skill level 13 in Earth Magic
 62904 | Vaults:3 | Found a staircase to the Crypt.
 62967 | Vaults:3 | Reached skill level 14 in Fighting
 62967 | Vaults:3 | Reached skill level 14 in Long Blades
 62967 | Vaults:3 | Reached skill level 14 in Axes
 62967 | Vaults:3 | Reached skill level 14 in Maces & Flails
 62967 | Vaults:3 | Reached skill level 14 in Polearms
 62967 | Vaults:3 | Reached skill level 14 in Staves
 62967 | Vaults:3 | Reached skill level 14 in Ranged Weapons
 62967 | Vaults:3 | Reached skill level 14 in Throwing
 62967 | Vaults:3 | Reached skill level 14 in Armour
 62967 | Vaults:3 | Reached skill level 14 in Shields
 62967 | Vaults:3 | Reached skill level 14 in Unarmed Combat
 62967 | Vaults:3 | Reached skill level 14 in Evocations
 63157 | Vaults:3 | Noticed Xtahua
 63165 | Vaults:3 | Killed Xtahua
 63165 | Vaults:3 | Identified +2 fire dragon scales {Xtahua}
 63166 | Vaults:3 | Reached skill level 15 in Hexes
 63804 | Vaults:3 | Reached skill level 12 in Conjurations
 63804 | Vaults:3 | Reached skill level 12 in Summonings
 63804 | Vaults:3 | Reached skill level 12 in Necromancy
 63804 | Vaults:3 | Reached skill level 12 in Translocations
 63804 | Vaults:3 | Reached skill level 12 in Fire Magic
 63804 | Vaults:3 | Reached skill level 12 in Ice Magic
 63804 | Vaults:3 | Reached skill level 12 in Air Magic
 63804 | Vaults:3 | Reached skill level 12 in Poison Magic
 63833 | Vaults:3 | Found Beicvum's Distillery.
 64524 | Vaults:3 | Reached skill level 15 in Spellcasting
 64973 | Vaults:3 | Learned a level 8 spell: Ignition
 65315 | Vaults:4 | Reached skill level 15 in Dodging
 65342 | Vaults:4 | Reached skill level 17 in Short Blades
 66269 | Vaults:4 | Reached skill level 15 in Stealth
 66996 | Vaults:4 | Found a runed translucent gate.
 66997 | Vaults:4 | Found a runed translucent gate.
 66998 | Vaults:4 | Found a runed translucent gate.
 66999 | Vaults:4 | Identified the +3 robe of Bright Contentment {rElec rPois}
 67000 | Vaults:4 | Found an iron altar of Okawaru.
 67000 | Vaults:4 | Noticed Ywkaiffarghe's ghost (adept MeCj)
 67978 | Vaults:5 | Entered Level 5 of the Vaults
 69091 | Spider:3 | Reached XP level 21. HP: 166/166 MP: 22/40
 69160 | Spider:3 | Killed Luisad's ghost
 70431 | Spider:4 | Killed Grwwl's ghost
 71318 | Vaults:4 | Killed Ywkaiffarghe's ghost
 72001 | Vaults:4 | Found an iron altar of Okawaru.
 72405 | Elf:1    | Entered Level 1 of the Elven Halls
 72405 | Elf:1    | Found the +12 pair of quick blades "Gyre" and "Gimble"
                  | {protect}
 72590 | Elf:1    | Found a flickering gateway to a bazaar.
 72593 | Elf:1    | Reached skill level 16 in Invocations
 72639 | Bazaar   | Entered a bazaar
 72760 | Bazaar   | Found Isuc's Book Boutique.
 72782 | Bazaar   | Found Puqemn's Antique Armour Emporium.
 72803 | Bazaar   | Found Jump's Jewellery Boutique.
 72823 | Bazaar   | Found Mug Kiok's Antique Armour Shoppe.
 72850 | Bazaar   | Bought a glowing scarf for 168 gold pieces
 72868 | Bazaar   | Bought a book of Annihilations for 900 gold pieces
 72905 | Elf:1    | Reached skill level 16 in Hexes
 72966 | Elf:1    | Identified the Writings on Sinister Deeds
 73181 | Elf:1    | Noticed Louise
 73185 | Elf:1    | Killed Louise
 73387 | Elf:1    | Found a transporter.
 73449 | Elf:1    | Identified the Teachings on Heat and the Map
 73454 | Elf:1    | Found a transporter.
 73456 | Elf:1    | Identified the +2 hat of Twilight {Drain rPois Str+2}
 74231 | Elf:2    | Found a runed translucent gate.
 74232 | Elf:2    | Found a runed translucent gate.
 74232 | Elf:2    | Found a runed translucent gate.
 74576 | Elf:2    | Reached skill level 18 in Short Blades
 74665 | Elf:2    | Identified +0 acid dragon scales
 74977 | Elf:2    | Reached skill level 15 in Fighting
 74977 | Elf:2    | Reached skill level 15 in Long Blades
 74977 | Elf:2    | Reached skill level 15 in Axes
 74977 | Elf:2    | Reached skill level 15 in Maces & Flails
 74977 | Elf:2    | Reached skill level 15 in Polearms
 74977 | Elf:2    | Reached skill level 15 in Staves
 74977 | Elf:2    | Reached skill level 15 in Ranged Weapons
 74977 | Elf:2    | Reached skill level 15 in Throwing
 74977 | Elf:2    | Reached skill level 15 in Armour
 74977 | Elf:2    | Reached skill level 15 in Shields
 74977 | Elf:2    | Reached skill level 15 in Unarmed Combat
 74977 | Elf:2    | Reached skill level 15 in Evocations
 75719 | Elf:2    | Reached skill level 13 in Transmutations
 76629 | Elf:3    | Entered Level 3 of the Elven Halls
 76637 | Elf:3    | Noticed Aizul
 76640 | Elf:3    | Killed Aizul
 76918 | Elf:3    | Found an ancient bone altar of Kikubaaqudgha.
 77482 | Elf:3    | Reached skill level 14 in Earth Magic
 77903 | Elf:3    | Reached skill level 16 in Spellcasting
 77903 | Elf:3    | Reached skill level 13 in Conjurations
 77903 | Elf:3    | Reached skill level 13 in Summonings
 77903 | Elf:3    | Reached skill level 13 in Necromancy
 77903 | Elf:3    | Reached skill level 13 in Translocations
 77903 | Elf:3    | Reached skill level 13 in Fire Magic
 77903 | Elf:3    | Reached skill level 13 in Ice Magic
 77903 | Elf:3    | Reached skill level 13 in Air Magic
 77903 | Elf:3    | Reached skill level 13 in Poison Magic
 77962 | Elf:3    | Reached XP level 22. HP: 184/184 MP: 2/44
 78642 | Elf:3    | Identified the cursed +2 hat "Restrained Prison" {Int+3,
                  | Elem, Self} (You found it on level 4 of the Spider Nest)
 78642 | Elf:3    | Identified the cursed +2 pair of boots of the Pangnostic
                  | Seeker {Self, Elem} (You found it on level 14 of the
                  | Dungeon)
 78723 | Elf:3    | Reached skill level 16 in Dodging
 78758 | Elf:3    | Identified the +7 battleaxe "Ubeconuu" {distort, rN+++
                  | Will+ rCorr MP-9}
 78758 | Elf:3    | Identified the ring of Tulips {rF+ rN+ MP+9 Str-3}
 79036 | Elf:3    | Identified the +6 scale mail "Abronue" {Dex+3}
 79055 | Elf:3    | Identified the Monograph on the Chthonic Compass
 79056 | Elf:3    | Identified the +0 short sword of Extermination {spect,
                  | *Noise rPois rN++ rCorr}
 79063 | Elf:3    | Identified the +6 dagger of Gloom {flame, rPois rF+ Will+
                  | rCorr}
 79063 | Elf:3    | Identified the Lessons on Invitation
 79196 | Elf:3    | Identified the +3 arbalest of the Fifty Things {vorpal,
                  | +Blink rF- Int+5}
 79717 | Depths:1 | Entered Level 1 of the Depths
 79729 | Depths:1 | Found a runed translucent gate.
 79925 | Depths:1 | Noticed Byzxis's ghost (journeyman GrFi)
 79925 | Depths:1 | Identified the ring "Taigriff" {Fire +Blink rElec Slay-3}
 79952 | Depths:1 | Reached skill level 16 in Stealth
 79982 | Depths:1 | Found a runed translucent gate.
 79982 | Depths:1 | Found a runed translucent gate.
 80478 | Depths:1 | Found a one-way gate leading to the halls of Pandemonium.
 80648 | Depths:1 | Found a one-way gateway to a ziggurat.
 81102 | Depths:1 | Found Xaqas's Neck Hole.
 81109 | Depths:1 | Bought a scarf of resistance for 320 gold pieces
 81515 | Depths:1 | Found a gateway to Hell.
 81784 | Depths:2 | Reached skill level 17 in Hexes
 82058 | Depths:2 | Reached skill level 19 in Short Blades
 82746 | Depths:2 | Identified +0 ice dragon scales
 82756 | Depths:2 | Noticed a golden dragon
 82991 | Depths:2 | Reached skill level 17 in Invocations
 83241 | Depths:2 | Killed a golden dragon
 83321 | Depths:2 | Found a blossoming altar of Fedhas.
 83337 | Depths:2 | Identified the +1 leather armour of Leapfrog {rN+}
 85919 | Depths:1 | Killed Byzxis's ghost
 86322 | Depths:1 | Found an opulent altar of Gozag.
 86544 | Depths:1 | Found a one-way gateway to a ziggurat.
 86728 | Depths:1 | Found Xaqas's Neck Hole.
 86860 | Depths:3 | Found a one-way gate to the infinite horrors of the Abyss.
 86869 | Depths:3 | Reached XP level 23. HP: 192/192 MP: 39/46
 87081 | Depths:3 | Noticed Grunn
 87086 | Depths:3 | Killed Grunn
 87087 | Depths:3 | Reached skill level 16 in Fighting
 87087 | Depths:3 | Reached skill level 16 in Long Blades
 87087 | Depths:3 | Reached skill level 16 in Axes
 87087 | Depths:3 | Reached skill level 16 in Maces & Flails
 87087 | Depths:3 | Reached skill level 16 in Polearms
 87087 | Depths:3 | Reached skill level 16 in Staves
 87087 | Depths:3 | Reached skill level 16 in Ranged Weapons
 87087 | Depths:3 | Reached skill level 16 in Throwing
 87087 | Depths:3 | Reached skill level 16 in Armour
 87087 | Depths:3 | Reached skill level 16 in Shields
 87087 | Depths:3 | Reached skill level 16 in Unarmed Combat
 87087 | Depths:3 | Reached skill level 16 in Evocations
 87110 | Depths:3 | HP: 13/184 [reaper/+2 scythe of venom[a doom hound] (34)]
 87110 | Depths:3 | Slain by a Tzitzimitl

Vanquished Creatures
  Mara (Swamp:3)
  Xtahua (Vaults:3)
  Saint Roka (Orc:2)
  A golden dragon (Depths:2)
  Arachne (Spider:2)
  The ghost of Ywkaiffarghe the Devastator, an adept MeCj of Gozag (Vaults:4)
  3 doom hounds (Depths:3)
  Mlioglotl (Spider:1)
  An Ice Fiend (Depths:1)
  2 liches (Depths:2)
  Grunn (Depths:3)
  3 deep elf blademasters
  The ghost of Luisad the Severer, an adept DDBe of Trog (Spider:3)
  2 deep elf master archers (Elf:3)
  Frances (Spider:2)
  5 thorn hunters
  3 sphinxes
  A tengu reaver (Depths:1)
  Roxanne (D:15)
  A revenant (Vaults:3)
  5 fire giants
  6 orc warlords
  5 ghost moths
  5 frost giants
  3 vault wardens
  9 emperor scorpions
  3 deep elf sorcerers (Elf:3)
  6 deep elf elementalists
  Aizul (Elf:3)
  7 ironbound preservers
  Louise (Elf:1)
  4 ironbound thunderhulks
  4 stone giants
  A quicksilver ooze (shapeshifter) (Depths:2)
  4 broodmothers
  21 very ugly things
  A putrid mouth (Depths:3)
  6 deep elf demonologists
  6 vampire knights
  The ghost of Byzxis the Fighter, a journeyman GrFi of Okawaru (Depths:1)
  11 eleionomae
  The ghost of Grwwl the Spry, a journeyman FeSu of Gozag (Spider:4)
  5 bunyips
  6 entropy weavers
  6 spark wasps
  7 deep elf annihilators (Elf:3)
  4 dire elephants
  A crystal guardian (Vaults:4)
  11 deep elf death magi
  3 blizzard demons (Depths:1)
  Josephine (Swamp:1)
  4 ettins
  A merfolk impaler (Vaults:4)
  4 shambling mangroves
  6 yaktaur captains
  Erolcha (D:13)
  2 deep elf high priests (Elf:3)
  Harold (Orc:1)
  3 fire dragons (Depths:2)
  2 great orbs of eyes (Vaults:2)
  3 ice dragons (Depths:2)
  Fannar (D:12)
  A peacekeeper (Vaults:4)
  6 boulder beetles
  5 rakshasas
  21 vault guards
  4 radroaches
  A caustic shrike simulacrum (Depths:1)
  A merfolk avatar (Lair:5)
  2 ghost crabs
  2 catoblepae (Lair:5)
  2 spriggan air magi
  15 centaur warriors
  7 two-headed ogres
  15 hydras
  9 ironbound frosthearts
  4 jorogumos
  19 dancing weapons
  8 alligators
  3 deep troll earth magi
  3 deep troll shamans
  A death yak (Lair:5)
  The ghost of Peppero the Destroyer, a novice GnCj of Ashenzari (D:9)
  2 death scarabs
  4 tengu warriors
  A sun demon (Depths:2)
  4 spriggan berserkers
  21 deep elf knights
  2 soul eaters (Depths:2)
  3 hell knights (Depths:2)
  7 orc high priests
  4 iron trolls
  4 pharaoh ants
  3 sun moths
  14 goliath frogs
  7 deep elf archers
  28 deep trolls
  2 sea snakes (Lair:5)
  A glowing orange brain (D:15)
  7 spriggan druids
  10 swamp dragons
  4 steelbarb worms
  12 orb spiders
  5 flayed ghosts
  5 wizards
  13 ironbound convokers
  2 spectral hydras (Swamp:4)
  7 large abominations (Elf:1)
  7 necromancers
  A spriggan simulacrum (Depths:1)
  5 bog bodies
  A phantasmal warrior (Vaults:3)
  9 harpies
  16 orc knights
  16 deep elf zephyrmancers
  3 oklob plants (Swamp:4)
  24 deep elf pyromancers
  3 lindwurms
  4 orc sorcerers (Orc:2)
  34 ugly things
  7 will-o-the-wisps
  17 wolf spiders
  A cyclops (shapeshifter) (Vaults:1)
  5 manticores
  6 cyclopes
  3 moths of wrath
  A manticore (shapeshifter) (D:15)
  12 vault sentinels
  19 elephants
  A torpor snail (Lair:5)
  4 black mambas
  An ice statue (D:9)
  Maurice (D:9)
  An unseen horror (D:13)
  A hellion (Depths:2)
  4 cane toads
  5 gargoyles
  11 yaktaurs
  A kobold demonologist (Bailey)
  13 demonic crawlers
  5 tengu conjurers
  A tormentor (Depths:3)
  6 rime drakes
  6 freezing wraiths
  16 komodo dragons
  A hellwing (Depths:2)
  2 hydra zombies (Swamp:4)
  An ice devil (Depths:1)
  4 bloated husks
  2 wind drakes (Lair:5)
  2 polar bears
  3 meliai
  A polar bear (shapeshifter) (D:14)
  12 hornets
  8 tyrant leeches
  21 blink frogs
  A wolf spider simulacrum (D:14)
  24 tarantellas
  9 trolls
  42 slime creatures
  A tarantella (shapeshifter) (Vaults:4)
  A death drake skeleton (Swamp:4)
  3 hydra skeletons (Swamp:4)
  A snapping turtle (Lair:5)
  2 shadows
  2 centaur simulacra
  20 jumping spiders
  6 fire elementals
  4 wraiths
  15 culicivoras
  9 spriggans
  3 water elementals
  4 wyverns
  2 air elementals (Elf:3)
  14 yaks
  2 vampires
  A human (D:9)
  A golden eye (shapeshifter) (Depths:2)
  4 hogs (D:9)
  6 basilisks
  A neqoxec (Depths:2)
  45 redbacks
  10 vampire mosquitoes
  16 swamp worms
  7 wargs
  2 acid dragons (D:12)
  A glowing shapeshifter skeleton (Vaults:3)
  18 water moccasins
  4 hydra simulacra (Swamp:4)
  55 orc warriors
  3 swamp drakes (Swamp:4)
  5 black bears
  An ice beast (D:7)
  2 ettin simulacra (Depths:1)
  3 swamp dragon zombies (Swamp:4)
  2 boggarts (Vaults:1)
  3 centaurs
  16 ogres
  16 wolves
  A phantom (D:4)
  5 bullfrogs
  3 elf zombies (Elf:1)
  2 gnoll sergeants
  3 kobold brigands
  3 human simulacra
  5 scorpions
  2 earth elementals
  A necrophage (D:6)
  13 wights
  11 killer bees
  A troll skeleton (D:10)
  5 spriggan skeletons (D:10)
  A howler monkey (D:14)
  2 jellies
  A lava snake (D:14)
  5 hounds
  Crazy Yiuf (D:7)
  38 orc priests
  A gnoll bouda (D:7)
  13 human skeletons
  An iguana (D:5)
  20 orc wizards
  4 hell rats (Lair:4)
  Robin (D:3)
  20 gnolls
  5 adders
  2 shadow imps
  9 worms
  2 dart slugs
  114 orcs
  6 ball pythons
  5 bats
  7 endoplasms
  5 giant cockroaches
  21 goblins
  8 hobgoblins
  4 jackals (D:2)
  4 quokkas
  16 kobolds
  4 rats
  5 briar patches (Swamp:4)
  A fire vortex (D:14)
1613 creatures vanquished.

Vanquished Creatures (others)
  An ironbound preserver (Vaults:1)
  A yaktaur captain (Vaults:2)
  A deep elf knight (Elf:1)
  2 air elementals (Elf:1)
  A water elemental (Elf:1)
  A boggart (Vaults:1)
  A briar patch (Swamp:4)
  2 bushes (Elf:3)
  5 foxfires
  66 fungi
  112 plants
193 creatures vanquished.

Grand Total: 1806 creatures vanquished
